 Dungeon Crawl Stone Soup version 0.31.0 (webtiles) character file.

Game seed: 15055806183170497239

67 qw the Shooter (level 4, -3/28 HPs)
             Began as a Gargoyle Hunter on Jan 19, 2024.
             Slain by a gnoll
             ... wielding a +0 spear
              (4 damage)
             ... on level 2 of the Dungeon.
             The game lasted 00:00:03 (891 turns).

qw the Shooter (Gargoyle Hunter)                     Turns: 891, Time: 00:00:04

Health: -3/28      AC:  6    Str: 15    XL:     4   Next: 18%
Magic:  4/4        EV: 11    Int:  9    God:
Gold:   136        SH:  0    Dex: 15    Spells: 3/3 levels left

rFire   . . .        a - +0 shortbow
rCold   . . .        (shield currently unavailable)
rNeg    + . .        c - +0 leather armour
rPois   inf          (no helmet)
rElec   +            (no cloak)
rCorr   .            (no gloves)
SInv    .            (no boots)
Will    .....        (no amulet)
Stlth   ++           (no ring)
HPRegen 0.24/turn    (no ring)
MPRegen 0.09/turn

%: no passive effects
@: no status effects
A: sickness immunity, AC +3, negative energy resistance 1, electricity
resistance, torment resistance 1, petrification resistance
a: no special abilities


You were on level 2 of the Dungeon.
You visited 1 branch of the dungeon, and saw 2 of its levels.

You collected 136 gold pieces.


Innate Abilities, Weirdness & Mutations

You are immune to sickness and miasma.
Your stone body is resilient. (AC +3)
You are immune to poison.
You resist negative energy. (rN+)
You are resistant to electric shocks. (rElec)
You are resistant to unholy torment.
You are immune to petrification.


   Skills:
 - Level 3.1 Fighting
 + Level 5.2 Ranged Weapons
 - Level 1.5 Dodging
 - Level 1.1 Stealth


You had 3 spell levels left.
You didn't know any spells.
Your spell library was empty.

Inventory:

Hand Weapons
 a - a +0 shortbow (weapon)
Armour
 c - a +0 leather armour (worn)
 f - a scarf of resistance
Jewellery
 h - a ring of fire
Scrolls
 b - 2 scrolls of identify
 e - a scroll of vulnerability {unknown}
Potions
 d - a potion of curing

Dungeon Overview and Level Annotations

Branches:
Dungeon (2/15)

Altars:


Message History

Enter note:
Enter note:
879 ||| RETREEEEATING.
You shoot an arrow. The arrow barely misses the gnoll.
The gnoll shouts!
You shoot an arrow. The arrow hits the gnoll!
You kill the gnoll!
You hear a shout!
You shoot an arrow. The arrow hits the gnoll.
The gnoll is lightly wounded.
You shoot an arrow. The arrow barely misses the gnoll.
You shoot an arrow. The arrow barely misses the gnoll.
You shoot an arrow. The arrow hits the gnoll.
The gnoll is moderately wounded.
The gnoll closely misses you.
The gnoll hits you from afar with a +0 spear!
The gnoll barely misses you. x2
You shoot an arrow. The arrow hits the gnoll.
The gnoll is heavily wounded.
The gnoll hits you from afar with a +0 spear.
The gnoll hits you with a +0 club.
You shoot an arrow. The arrow barely misses the gnoll.
The gnoll hits you from afar with a +0 spear.
The gnoll hits you with a +0 club.
You shoot an arrow. The arrow closely misses the gnoll.
The gnoll hits you from afar with a +0 spear.
The gnoll hits you with a +0 club.
You shoot an arrow. The arrow hits the gnoll.
The gnoll is almost dead.
The gnoll barely misses you. x2
You shoot an arrow.
The arrow hits the gnoll but does no damage.
The gnoll is severely wounded.
The gnoll hits you but does no damage. x2
The gnoll hits you from afar with a +0 spear.
The gnoll hits you but does no damage.
You shoot an arrow. The arrow hits the gnoll.
The gnoll is almost dead.
The gnoll hits you from afar with a +0 spear.
You die...

....#.# ... #..#
##..#..# #.# #..###
..##..# #.# ##....#
...# #..> #.#
#..##.#### >. ..g.
#.###.###....# ..
#.##..###....# #.
#.##.#.......#
#..###.##..%##....#
#..g@.....###....##
......g.#.#..## #.....#
#######......####.8#8.#
###.#....##.#)#.#
...#.##.#..8#8.#
##.....#........#
##.............#
.....####..##### ######
##.#


You could see 2 gnolls.

Vanquished Creatures
  A gnoll (D:2)
  An adder (D:2)
  4 dart slugs
  4 bats
  2 endoplasms (D:1)
  A giant cockroach (D:2)
  A hobgoblin (D:2)
  4 kobolds
  5 quokkas
  3 ball pythons (D:1)
  3 frilled lizards
  8 goblins (D:1)
  3 rats
40 creatures vanquished.

Notes
Turn   | Place    | Note
-------+----------+-------------------------------------------
     0 | D:1      | qw the Gargoyle Hunter began the quest for the Orb.
     0 | D:1      | Reached XP level 1. HP: 12/12 MP: 1/1
     0 | D:1      | 0 ||| qw: Version: 0.3-a-132-g3d54051
     0 | D:1      | 0 ||| qw: Game counter: 33
     0 | D:1      | 0 ||| qw: Melee chars always use a shield: true
     0 | D:1      | 0 ||| qw: God list: Okawaru
     0 | D:1      | 0 ||| qw: Allow faded altars: false
     0 | D:1      | 0 ||| qw: Do Orc after clearing Dungeon:15 true
     0 | D:1      | 0 ||| qw: Do second Lair branch before Depths: true
     0 | D:1      | 0 ||| qw: Lair rune preference: random
     0 | D:1      | 0 ||| qw: Goals: Normal
     0 | D:1      | 0 ||| PLANNING D:1-11
    95 | D:1      | Reached XP level 2. HP: 17/17 MP: 2/2
   236 | D:1      | Found a faded altar of an unknown god.
   325 | D:1      | Reached XP level 3. HP: 21/21 MP: 3/3
   449 | D:1      | Reached skill level 5 in Ranged Weapons
   632 | D:1      | 632 ||| DROPPING ring of magical power.
   633 | D:1      | 633 ||| READING 3 scrolls labelled XYUWEVV OTUCO.
   633 | D:1      | 633 ||| IDENTIFYING blue potion
   634 | D:1      | 634 ||| READING 2 scrolls of identify.
   634 | D:1      | 634 ||| IDENTIFYING fuming pink potion
   635 | D:1      | 635 ||| READING scroll of identify.
   635 | D:1      | 635 ||| IDENTIFYING scroll labelled YMAOTERUIF
   636 | D:1      | 636 ||| READING 2 scrolls labelled BALURU HUORI.
   637 | D:1      | 637 ||| READING scroll labelled OFIFUU BIKITAO.
   638 | D:1      | 638 ||| DROPPING scroll of butterflies.
   639 | D:1      | 639 ||| DROPPING scroll of revelation.
   640 | D:1      | 640 ||| DROPPING scroll of torment.
   641 | D:1      | 641 ||| DROPPING potion of berserk rage.
   782 | D:2      | Reached skill level 3 in Fighting
   864 | D:2      | Reached XP level 4. HP: 28/28 MP: 4/4
   879 | D:2      | 879 ||| RETREEEEATING.
   887 | D:2      | HP: 7/28 [gnoll/+0 club (3)]
   888 | D:2      | HP: 3/28 [gnoll/+0 spear (4)]
   890 | D:2      | HP: 1/28 [gnoll/+0 spear (2)]
   891 | D:2      | Slain by a gnoll

Levels and vault maps discovered:
D:1:      matt_arrival_diagonals, layout_basic, chequers_ecumenical_altar_island
D:2:      layout_rooms, minmay_statues_item, uniq_crazy_yiuf_cottage

Skill      XL: |  1  2  3 |
---------------+----------+-----
Ranged Weapons | 5 |  5.2
Fighting       | 3 |  3.1
Dodging        | |  1.5
Stealth        | |  1.1

Action                     |  1- 3 |  4- 6 || total
---------------------------+-------+-------++-------
   Fire: Shortbow          |   104 |    16 ||   120
    Use: Scroll            |     5 |       ||     5
 Armour: Leather armour    |    25 |    12 ||    37
  Dodge: Dodged            |    18 |     5 ||    23

Table legend:
 A = Non-vault XP
 B = Vault XP
 C = Vault XP percentage of total XP
 D = Non-vault monster count
 E = Vault monster count
 F = Vault count percentage of total count
                 A         B        C        D         E       F
            +---------+---------+-------+---------+---------+-------
      Total |      97 |       0 |   0.0 |      40 |       0 |   0.0
            +---------+---------+-------+---------+---------+-------
        D:1 |      54 |       0 |   0.0 |      29 |       0 |   0.0
        D:2 |      43 |       0 |   0.0 |      11 |       0 |   0.0
            +---------+---------+-------+---------+---------+-------
